 Dungeon Sprint DCSS version 0.16.2-12-gd0ad4c3 (webtiles) character file.

3463 Ponchio the Thaumaturge (level 9, -18/45 HPs)
             Began as a Deep Elf Fire Elementalist on Nov 8, 2015.
             Was the Champion of Vehumet.
             Killed from afar by a hellion (25 damage)
             ... with a burst of hellfire
             ... in the Dungeon (Sprint V: "Ziggurat Sprint").
             The game lasted 00:34:30 (1187 turns).

Ponchio the Thaumaturge (DEFE)                      Turns: 1187, Time: 00:34:30

Health: -18/45     AC:  7    Str:  5    XL:     9   Next: 78%
Magic:  39/39      EV: 33    Int: 30    God:    Vehumet [******]
Gold:   0          SH:  0    Dex: 21    Spells: 5 memorised, 15 levels left

rFire  . . .     SeeInvis +     J - +6 Majin-Bo {vamp, Archmagi MP+6 Int+6}
rCold  . . .     Clarity  .     a - +0 robe
rNeg   . . .     SustAb   .     (no shield)
rPois  +         Gourm    .     O - +1 helmet {SInv}
rElec  .         Spirit   .     h - +2 cloak {rPois}
rCorr  .         Warding  .     (no gloves)
rMut   .         NoTele   +     (no boots)
MR     .....                    (no amulet)
Stlth  ++........               y - +6 ring of dexterity
                                Z - ring of Shaolin {EV+8}

@: very slightly contaminated, hasted, very quick, not resistant to hostile
enchantments, unstealthy
A: no striking features
a: Renounce Religion


You were in the Dungeon.
You worshipped Vehumet.
Vehumet was exalted by your worship.
You were not hungry.

You visited 1 branch

Inventory:

Hand weapons
 J - the +6 Majin-Bo (weapon) {vamp, Archmagi MP+6 Int+6}
   (You found it in the Dungeon)

   It inflicts no extra harm, but heals its wielder somewhat when it strikes a
   living foe.
   It affects your intelligence (+6).
   It affects your magic capacity (+6).
Armour
 a - a +0 robe (worn)
 h - a +2 cloak of poison resistance (worn)
 O - a +1 helmet of see invisible (worn)
Jewellery
 y - a +6 ring of dexterity (right hand)
 B - a +6 ring of intelligence
 C - a +6 ring of intelligence
 Z - the ring of Shaolin (left hand) {EV+8}
   (You found it in the Dungeon)

   [ring of evasion]

   It affects your evasion (+8).
Magical devices
 H - a wand of cold (4)
Scrolls
 i - 3 scrolls of blinking
 q - 4 scrolls of amnesia
 r - 2 scrolls of recharging
 s - 7 scrolls of fog
 t - a scroll of holy word
 u - 5 scrolls of identify
 v - 4 scrolls of remove curse
 w - 2 scrolls of fear
Potions
 d - 10 potions of curing
 e - 3 potions of heal wounds
 f - 3 potions of haste
 g - 7 potions of magic
 j - 2 potions of brilliance
 k - 2 potions of invisibility
 l - 2 potions of restore abilities
 m - 3 potions of resistance
 o - 5 potions of agility
Books
 b - a book of Flames

   Spells                             Type                      Level
   a - Flame Tongue                   Conjuration/Fire             1
   b - Throw Flame                    Conjuration/Fire             2
   c - Conjure Flame                  Conjuration/Fire             3
   d - Inner Flame                    Hexes/Fire                   3
   e - Sticky Flame                   Conjuration/Fire             4
   f - Fireball                       Conjuration/Fire             5
 n - a book of Control

   Spells                             Type                      Level
   a - Control Teleport               Charms/Translocation         4
   b - Control Undead                 Necromancy                   4
   c - Enslavement                    Hexes                        4
   d - Metabolic Englaciation         Hexes/Ice                    5
   e - Mass Confusion                 Hexes                        6
 M - a book of Cantrips

   Spells                             Type                      Level
   a - Corona                         Hexes                        1
   b - Animate Skeleton               Necromancy                   1
   c - Summon Small Mammal            Summoning                    1
   d - Apportation                    Translocation                1
 N - a book of Necromancy

   Spells                             Type                      Level
   a - Pain                           Necromancy                   1
   b - Animate Skeleton               Necromancy                   1
   c - Vampiric Draining              Necromancy                   3
   d - Regeneration                   Charms/Necromancy            3
   e - Animate Dead                   Necromancy                   4
   f - Control Undead                 Necromancy                   4
 T - a book of the Earth

   Spells                             Type                      Level
   a - Leda's Liquefaction            Hexes/Earth                  4
   b - Bolt of Magma                  Conjuration/Fire/Earth       5
   c - Statue Form                    Transmutation/Earth          6
   d - Iron Shot                      Conjuration/Earth            6
   e - Shatter                        Earth                        9
 U - a book of Party Tricks

   Spells                             Type                      Level
   a - Summon Butterflies             Summoning                    1
   b - Apportation                    Translocation                1
   c - Tukima's Dance                 Hexes                        3
   d - Alistair's Intoxication        Transmutation/Poison         4
   e - Invisibility                   Hexes                        6
 V - a book of Debilitation

   Spells                             Type                      Level
   a - Corona                         Hexes                        1
   b - Slow                           Hexes                        2
   c - Inner Flame                    Hexes/Fire                   3
   d - Enslavement                    Hexes                        4
   e - Cause Fear                     Hexes                        4
   f - Leda's Liquefaction            Hexes/Earth                  4
 W - the Handbook of the Birds
   (You found it in the Dungeon)

   Spells                             Type                      Level
   a - Shock                          Conjuration/Air              1
   b - Deflect Missiles               Charms/Air                   6
   c - Poisonous Cloud                Conjuration/Poison/Air       6
 X - a book of Transfigurations

   Spells                             Type                      Level
   a - Stoneskin                      Transmutation/Earth          2
   b - Irradiate                      Conjuration/Transmutation    5
   c - Statue Form                    Transmutation/Earth          6
   d - Hydra Form                     Transmutation                6
   e - Dragon Form                    Transmutation                7
 Y - the Incunabulum of Aid
   (You found it in the Dungeon)

   Spells                             Type                      Level
   a - Sure Blade                     Hexes/Charms                 2
   b - Warp Weapon                    Charms/Translocation         5
   c - Deflect Missiles               Charms/Air                   6
Miscellaneous
 Q - a fan of gales (inert)
 R - a lamp of fire
Comestibles
 c - 5 bread rations
 x - 33 fruits
 z - 4 meat rations


   Skills:
 - Level 13.8 Dodging
 - Level 2.4 Stealth
 - Level 14.9 Spellcasting
 - Level 12.7 Conjurations
 + Level 4.8 Charms
 - Level 3.6 Necromancy
 - Level 3.2 Fire Magic
 + Level 2.2 Air Magic
 - Level 5.0 Earth Magic
 - Level 8.8 Evocations


You had 15 spell levels left.
You knew the following spells:

 Your Spells              Type           Power        Failure   Level  Hunger
a - Flame Tongue          Conj/Fire      #####        1%          1    None
b - Fireball              Conj/Fire      #######...   1%          5    None
c - Iron Shot             Conj/Erth      #######...   2%          6    ###....
d - Control Undead        Necr           ######....   6%          4    None
e - Deflect Missiles      Chrm/Air       ######....   82%         6    ###....


Dungeon Overview and Level Annotations

Branches:
Dungeon (1/1)

Altars:
Ashenzari
Cheibriados
Dithmenos
Elyvilon
Fedhas
Gozag
Kikubaaqudgha
Makhleb
Nemelex Xobeh
Okawaru
Qazlal
Ru
Sif Muna
Trog
Vehumet
Xom
Yredelemnul
Zin
The Shining One
Beogh
Jiyva
Lugonu


Message History

The tormentor calls on the powers of darkness!
Your body is wracked with pain!
Evoke which item? (* to show all) (? for menu, Esc to quit)
Zapping:
H - a wand of cold (5)
Press: ? - help, Shift-Dir - straight line, p - hellion The bolt of cold hits the hell hound.
The hell hound is frozen!
You kill the hell hound!
Vehumet accepts your kill.
Your Air Magic skill increases to level 2!
The bolt of cold hits the hellion.
The hellion is frozen!
The hellion is severely wounded.
The bolt of cold misses the balrug.
This wand has 4 charges left.
The balrug gestures at you. Something smites you!
* * * LOW HITPOINT WARNING * * *
Your air elemental closely misses the hellion.
The hellion gestures at you.
The hellfire explodes!
The burst of hellfire engulfs you!
Ouch! That really hurt!
You die...

[}= ▓..?..:=..▓
..}}::)..▓...)}[)..▓
▓.........▓.........▓
▓...Z22W..▓....=....▓
▓...E.2...▓.........▓
▓...22E...▓.........▓
▓.........▓.........▓
▓.▓.....▓.▓.........▓
▓....@....▓▓▓▓▓▓▓▓▓▓▓
▓▓▓▓▓▓▓▓▓▓▓


You could see a balrug, a flayed ghost, 2 hellions, 2 tormentors, an adder
skeleton and 2 friendly air elementals.

Vanquished Creatures
  A hellwing (D)
  2 air elementals (D)
  A ynoxinul (D)
  4 spriggans (D)
  2 nagas (D)
  A wolf (D)
  4 water moccasins (D)
  2 hell hounds (D)
  A black bear (D)
  A necrophage (D)
  2 phantoms (D)
  A wasp (D)
  A scorpion (D)
  2 quasits (D)
  2 crimson imps (D)
  An orc priest (D)
  3 adders (D)
  3 giant mites (D)
  A shadow imp (D)
  2 white imps (D)
  2 ufetubi (D)
  An adder zombie (D)
  An adder skeleton (D)
  An orc (D)
  3 ball pythons (D)
  A bat zombie (D)
  A ball python zombie (D)
  A giant gecko skeleton (D)
  2 jackal skeletons (D)
  A quokka zombie (D)
51 creatures vanquished.

Vanquished Creatures (collateral kills)
  4 insubstantial wisps (D)
  A jackal skeleton (D)
5 creatures vanquished.

Vanquished Creatures (others)
  A quasit (D)
  A bat skeleton (D)
2 creatures vanquished.

Grand Total: 58 creatures vanquished

Notes
Turn   | Place    | Note
--------------------------------------------------------------
     0 | D        | Ponchio, the Deep Elf Fire Elementalist, began the quest for the Orb.
     0 | D        | Reached XP level 1. HP: 10/10 MP: 5/5
     0 | D        | Found a viscous altar of Jiyva.
     0 | D        | Found a corrupted altar of Lugonu.
     0 | D        | Found a white marble altar of Elyvilon.
     1 | D        | Found a burning altar of Makhleb.
     1 | D        | Found an iron altar of Okawaru.
     3 | D        | Found a sparkling altar of Nemelex Xobeh.
     3 | D        | Found a basalt altar of Yredelemnul.
     3 | D        | Found a deep blue altar of Sif Muna.
     3 | D        | Found a radiant altar of Vehumet.
     7 | D        | Found a bloodstained altar of Trog.
    22 | D        | Found a shimmering altar of Xom.
    30 | D        | Became a worshipper of Vehumet
    51 | D        | Reached skill level 8 in Evocations
    51 | D        | Reached XP level 2. HP: 15/15 MP: 7/8
    94 | D        | Entered arena 1.
    94 | D        | Noticed an orc priest
    95 | D        | Killed an orc priest
    95 | D        | Reached XP level 3. HP: 19/19 MP: 12/12
   108 | D        | Entered arena 2.
   109 | D        | Acquired Vehumet's first power
   109 | D        | Offered knowledge of Magic Dart by Vehumet.
   119 | D        | Entered arena 3.
   119 | D        | Noticed a water moccasin
   119 | D        | Noticed a naga
   119 | D        | Noticed a naga
   123 | D        | Killed a water moccasin
   123 | D        | Reached skill level 5 in Conjurations
   123 | D        | Reached XP level 4. HP: 24/24 MP: 20/20
   123 | D        | Reached XP level 5. HP: 28/28 MP: 20/21
   123 | D        | Killed a naga
   123 | D        | Reached skill level 9 in Spellcasting
   123 | D        | Reached XP level 6. HP: 32/32 MP: 22/25
   127 | D        | Killed a naga
   174 | D        | Learned a level 5 spell: Fireball
   175 | D        | Entered arena 4.
   175 | D        | Noticed a scorpion
   176 | D        | Killed a scorpion
   176 | D        | Acquired Vehumet's second power
   176 | D        | Reached skill level 10 in Spellcasting
   186 | D        | Got the ring "Khiem" {Dex+3 SInv Stlth+}
   227 | D        | Entered arena 5.
   227 | D        | Noticed a crimson imp
   227 | D        | Noticed a quasit
   227 | D        | Noticed a hell hound
   232 | D        | Acquired Vehumet's third power
   241 | D        | Killed a quasit
   241 | D        | Reached XP level 7. HP: 36/36 MP: 26/28
   244 | D        | Killed a hell hound
   244 | D        | Reached skill level 10 in Dodging
   257 | D        | Killed a crimson imp
   257 | D        | Reached skill level 11 in Spellcasting
   259 | D        | Got the ring "Ylilukih" {Wiz Str+4 Int+2}
   307 | D        | Entered arena 6.
   307 | D        | Noticed an air elemental
   307 | D        | Noticed an insubstantial wisp
   307 | D        | Noticed an insubstantial wisp
   307 | D        | Noticed an air elemental
   307 | D        | Noticed an insubstantial wisp
   307 | D        | Noticed an insubstantial wisp
   309 | D        | Killed an air elemental
   321 | D        | Killed an air elemental
   321 | D        | Reached skill level 12 in Spellcasting
   321 | D        | Reached skill level 10 in Conjurations
   329 | D        | Killed an insubstantial wisp
   329 | D        | Reached XP level 8. HP: 28/41 MP: 9/31
   331 | D        | Killed an insubstantial wisp
   336 | D        | Killed an insubstantial wisp
   337 | D        | Killed an insubstantial wisp
   567 | D        | Learned a level 6 spell: Iron Shot
   578 | D        | Entered arena 7.
   578 | D        | Noticed a spriggan rider
   578 | D        | Noticed a wolf
   578 | D        | Noticed a spriggan
   578 | D        | Noticed a spriggan
   578 | D        | Noticed a spriggan
   578 | D        | Noticed a black bear
   579 | D        | Killed a spriggan
   579 | D        | Offered knowledge of Freeze by Vehumet.
   579 | D        | Reached skill level 13 in Spellcasting
   579 | D        | Killed a wolf
   580 | D        | Killed a spriggan
   580 | D        | Killed a spriggan
   580 | D        | Killed a black bear
   580 | D        | Reached XP level 9. HP: 39/45 MP: 32/32
   580 | D        | Killed a spriggan
   581 | D        | Killed a wasp
   581 | D        | Reached skill level 14 in Spellcasting
   581 | D        | Reached skill level 5 in Earth Magic
   601 | D        | Learned a level 4 spell: Control Undead
   687 | D        | Entered arena 8.
   687 | D        | Noticed a quasit
   687 | D        | Noticed a quasit
   687 | D        | Noticed a crimson imp
   687 | D        | Noticed a ynoxinul
   687 | D        | Noticed a hellwing
   689 | D        | Killed a quasit
   689 | D        | Killed a quasit
   689 | D        | Reached skill level 1 in Necromancy
   689 | D        | Killed a ynoxinul
   692 | D        | Killed a hellwing
   693 | D        | Killed a crimson imp
   786 | D        | Identified the Handbook of the Birds (You found it in the Dungeon)
   794 | D        | Learned a level 6 spell: Deflect Missiles
   917 | D        | Entered arena 9.
   917 | D        | Noticed a water moccasin
   917 | D        | Noticed a water moccasin
   917 | D        | Noticed a water moccasin
   918 | D        | Offered knowledge of Dazzling Spray by Vehumet.
   919 | D        | Killed a water moccasin
   919 | D        | Reached skill level 1 in Charms
   919 | D        | Killed a water moccasin
   919 | D        | Killed a water moccasin
   932 | D        | Identified the Incunabulum of Aid (You found it in the Dungeon)
  1029 | D        | Entered arena 10.
  1029 | D        | Noticed a phantom
  1029 | D        | Noticed a phantom
  1029 | D        | Noticed a necrophage
  1030 | D        | Killed a phantom
  1031 | D        | Killed a necrophage
  1031 | D        | Reached skill level 1 in Air Magic
  1033 | D        | Killed a phantom
  1179 | D        | Entered arena 11.
  1179 | D        | Noticed a hellion
  1179 | D        | Noticed a tormentor
  1179 | D        | Noticed a hell hound
  1179 | D        | Noticed a hellion
  1179 | D        | Noticed a tormentor
  1180 | D        | Noticed a flayed ghost
  1181 | D        | Noticed a balrug
  1186 | D        | Offered knowledge of Fulminant Prism by Vehumet.
  1187 | D        | Killed a hell hound
  1187 | D        | Killed from afar by a hellion

Action                   |  1- 3 |  4- 6 |  7- 9 || total
-------------------------+-------+-------+-------++-------
Melee: Quarterstaff      |       |     4 |     9 ||    13
 Cast: Fireball          |       |     3 |    16 ||    19
       Iron Shot         |       |       |     6 ||     6
Evoke: Wand              |     6 |     6 |     7 ||    19
       Fan of gales      |       |       |     3 ||     3
       Lamp of fire      |       |       |     1 ||     1
  Use: Potion            |     2 |     2 |     8 ||    12
       Scroll            |       |     2 |     1 ||     3
  Eat: Fruit             |     2 |     2 |     5 ||     9
